 Dungeon Crawl Stone Soup version 0.23-a0-419-g0174fd8 (webtiles) character file.

1543 Inarius the Chopper (level 8, -5/67 HPs)
             Began as a Ghoul Fighter on Nov 13, 2018.
             Slain by a cyclops (23 damage)
             ... on level 7 of the Dungeon.
             The game lasted 00:14:00 (5343 turns).

Inarius the Chopper (Ghoul Fighter)                 Turns: 5343, Time: 00:14:01

Health: -5/67      AC: 12    Str: 25    XL:     8   Next: 87%
Magic:  7/7        EV:  8    Int:  5    God:
Gold:   296        SH: 10    Dex:  8    Spells: 7/7 levels left

rFire    + . .     SeeInvis .   a - +0 war axe
rCold    . . .     Gourm    .   c - +0 shield
rNeg     + + +     Faith    .   j - +2 scale mail {MR+}
rPois    ∞         Spirit   .   (no helmet)
rElec    .         Reflect  .   (no cloak)
rCorr    .         Harm     .   (no gloves)
MR       +....                  u - +0 pair of boots
Stlth    ..........             (no amulet)
HPRegen  0.00/turn              p - ring of fire
MPRegen  0.10/turn              t - +2 ring of protection

@: mighty, rotting
A: rotting body, claws 1, carnivore, cold resistance 1, negative energy
resistance 3, inhibited regeneration, torment resistance, unbreathing
a: no special abilities


You were on level 7 of the Dungeon.
You were not hungry.

You visited 2 branches of the dungeon, and saw 8 of its levels.

You collected 296 gold pieces.

Inventory:

Hand Weapons
 a - a +0 war axe (weapon)
 o - a +2 dagger of draining
Missiles
 b - 2 throwing nets (quivered)
Armour
 c - a +0 shield (worn)
 j - a +2 scale mail of magic resistance (worn)
 u - a +0 pair of boots (worn)
 H - a +0 plate armour
Jewellery
 p - a ring of fire (left claw)
 t - a +2 ring of protection (right claw)
Wands
 D - a wand of polymorph (8)
Scrolls
 g - 3 scrolls of teleportation {unknown}
 h - a scroll of immolation {unknown}
 i - a scroll of fear {unknown}
 k - 3 scrolls of remove curse {unknown}
 l - 5 scrolls of magic mapping {unknown}
 m - a scroll of random uselessness {unknown}
 s - 2 scrolls of identify {unknown}
 w - 2 scrolls of enchant weapon {unknown}
 y - 3 scrolls of amnesia {unknown}
 z - 2 scrolls of enchant armour {unknown}
 F - a scroll of noise {unknown}
 G - a scroll of blinking {unknown}
Potions
 e - 2 potions of lignification {unknown}
 n - a potion of heal wounds {unknown}
 q - a potion of resistance {unknown}
 r - 3 potions of degeneration {unknown}
 v - a potion of invisibility {unknown}
 x - a potion of berserk rage {unknown}
 A - 3 potions of curing {unknown}
 B - a potion of cancellation {unknown}
 C - a potion of brilliance {unknown}
Comestibles
 f - 11 rations
 E - 5 chunks of flesh


   Skills:
 + Level 4.9 Fighting
 * Level 7.9 Axes
 + Level 4.1 Armour
 + Level 1.9 Dodging
 + Level 4.4 Shields


You had 7 spell levels left.
You didn't know any spells.
Your spell library was empty.

Dungeon Overview and Level Annotations

Branches:
Dungeon (7/15)             Temple (1/1) D:5

Altars:
Ashenzari
Cheibriados
Dithmenos
Elyvilon
Fedhas
Gozag
Kikubaaqudgha
Makhleb
Nemelex Xobeh
Qazlal
Ru
Sif Muna
Trog
Uskayaw
Vehumet
Wu Jian
Xom
Yredelemnul
Zin
The Shining One

Annotations:
D:3 2 transporters


Innate Abilities, Weirdness & Mutations

Your body is rotting away.
You thrive on raw meat.
You are immune to poison.
You have sharp fingernails.
You are carnivorous and can eat meat at any time.
Your flesh is cold resistant. (rC+)
You are immune to negative energy. (rN+++)
You do not regenerate when monsters are visible.
You are immune to unholy pain and torment.
You can survive without breathing.


Message History

You are too injured to fight recklessly!
You are too injured to fight recklessly!
You are too injured to fight recklessly!
You are too injured to fight recklessly!
You are too injured to fight recklessly!
You are too injured to fight recklessly!
You are too injured to fight recklessly!
You are too injured to fight recklessly!
You are too injured to fight recklessly!
You are too injured to fight recklessly!
You are too injured to fight recklessly!
Unknown command.
You feel very mighty all of a sudden. You block the cyclops's attack.
You block Menkaure's attack.
Unknown command.
You slice Menkaure!!
You destroy Menkaure!
You closely miss the phantom. You slash the cyclops!
The phantom barely misses you. The cyclops hits you!!
You die...

..####.#.###.##
#.##.#.##
#.###.## #.# ###
# ##.#####
#..###..(...#
#.......##.#....
#.####..# # #
#...$@.#.#
###.C.W.#.#
....##..##.#
##### #..# #.#
#..# .# #..# #
#..# ..#


You could see a cyclops and a phantom.

Vanquished Creatures
  Menkaure (D:7)
  2 sky beasts
  An ice beast (D:6)
  An ogre (D:5)
  A centaur (D:5)
  A scorpion (D:5)
  A crimson imp (D:6)
  3 hounds
  A centaur zombie (D:6)
  2 centaur skeletons
  4 orc wizards
  An orc priest (D:6)
  A bullfrog skeleton (D:5)
  3 iguanas
  Jessica (D:3)
  4 worker ants
  A hound skeleton (D:5)
  A mummy (D:5)
  7 adders
  5 gnolls
  A shadow imp (D:5)
  3 oozes
  2 adder skeletons (D:5)
  8 worms
  4 dart slugs
  5 leopard geckos
  35 orcs
  10 giant cockroaches
  5 hobgoblins
  7 jackals
  A quokka (D:2)
  5 bats
  2 frilled lizards
  A giant cockroach zombie (D:6)
  9 goblins
  A hobgoblin zombie (D:5)
  8 kobolds
  3 orc zombies (D:5)
  A quokka skeleton (D:5)
  9 rats
162 creatures vanquished.

Notes
Turn   | Place    | Note
-------+----------+-------------------------------------------
     0 | D:1      | Inarius the Ghoul Fighter began the quest for the Orb.
     0 | D:1      | Reached XP level 1. HP: 19/19 MP: 0/0
   202 | D:1      | Reached skill level 2 in Axes
   202 | D:1      | Reached XP level 2. HP: 25/26 MP: 1/1
   382 | D:1      | Reached XP level 3. HP: 24/31 MP: 2/2
   684 | D:2      | Reached skill level 3 in Axes
   684 | D:2      | Reached XP level 4. HP: 34/39 MP: 3/3
   747 | D:2      | Found an ancient bone altar of Kikubaaqudgha.
   751 | D:2      | Found a stormy altar of Qazlal.
   752 | D:2      | Found a basalt altar of Yredelemnul.
  1258 | D:3      | Found a glowing golden altar of the Shining One.
  1313 | D:3      | Found a faded altar of an unknown god.
  1485 | D:3      | Found a transporter.
  1505 | D:3      | Noticed Jessica
  1509 | D:3      | Reached XP level 5. HP: 46/46 MP: 4/4
  1520 | D:3      | Killed Jessica
  1536 | D:3      | Found an opulent altar of Gozag.
  1569 | D:3      | Found a transporter.
  1998 | D:4      | Reached skill level 4 in Axes
  2057 | D:4      | Reached XP level 6. HP: 52/52 MP: 5/5
  2334 | D:4      | Reached skill level 1 in Dodging
  2588 | D:4      | Reached skill level 5 in Axes
  2793 | D:5      | Entered Level 5 of the Dungeon
  2869 | D:5      | Noticed a sky beast
  2883 | D:5      | Killed a sky beast
  2883 | D:5      | Reached XP level 7. HP: 51/59 MP: 6/6
  3050 | D:5      | Found a staircase to the Ecumenical Temple.
  3059 | Temple   | Entered the Ecumenical Temple
  3311 | D:5      | Reached skill level 6 in Axes
  3420 | D:5      | Reached XP level 8. HP: 14/67 MP: 7/7
  3460 | D:5      | HP: 1/66 [mummy (10)]
  3569 | D:5      | HP: 2/66 [mummy (14)]
  4530 | D:6      | Found a bloodstained altar of Trog.
  4603 | D:6      | Found a hide-covered altar of Uskayaw.
  4630 | D:6      | Reached skill level 7 in Axes
  4833 | D:6      | Found a sacrificial altar of Ru.
  5332 | D:7      | Noticed a cyclops
  5333 | D:7      | Noticed Menkaure
  5343 | D:7      | Killed Menkaure
  5343 | D:7      | Slain by a cyclops

Vault maps used:
D:1:      dpeg_arrival_orchard, st_stairs_14
D:2:      gammafunk_temple_overflow_forgotten
D:3:      gammafunk_wand_slinger, nicolae_gozag_seed_capital,
          old_standard_altar, chequers_ecumenical_altar_simple_redux,
          uniq_jessica
D:4:      first_ration, due_unseen_surprise
D:5:      lemuel_temple_firewalk_b, minmay_mini_ossuary
D:6:      eat_drink_and_be_merry_uskayaw, kennysheep_little_box,
          trog_three_pillars_becter
D:7:      okawaru_metal_pillars_1_2, nicolae_overflow_hidden_temple,
          serial_shops, nicolae_shop_window_shopping, basic_altar,
          uniq_crazy_yiuf_cottage, uniq_menkaure
Temple:   nicolae_temple_god_jail

Skill      XL: |  1  2  3  4  5  6  7  8 |
---------------+-------------------------+-----
Axes           | 2 3 4 5 6 7 |  7.9
Shields        | 3 4 |  4.4
Armour         | 3 4 |  4.1
Dodging        | 1 |  1.9
Fighting       | 4 |  4.9

Action                   |  1- 3 |  4- 6 |  7- 9 || total
-------------------------+-------+-------+-------++-------
Melee: War axe           |    81 |   334 |   248 ||   663
  Use: Potion            |       |       |     1 ||     1
  Eat: Chunk             |    15 |    39 |    36 ||    90
Armor: Scale mail        |    49 |   195 |   116 ||   360
Dodge: Dodged            |    33 |   112 |    99 ||   244
Block: Shield            |    35 |   183 |   132 ||   350

Table legend:
 A = Non-vault XP
 B = Vault XP
 C = Vault XP percentage of total XP
 D = Non-vault monster count
 E = Vault monster count
 F = Vault count percentage of total count
                 A         B        C        D         E       F
            +---------+---------+-------+---------+---------+-------
      Total |    1973 |     232 |  10.5 |     154 |       8 |   4.9
            +---------+---------+-------+---------+---------+-------
        D:1 |      39 |       1 |   2.5 |      16 |       1 |   5.9
        D:2 |      85 |       0 |   0.0 |      27 |       0 |   0.0
        D:3 |      56 |      37 |  39.8 |      25 |       1 |   3.8
        D:4 |     312 |       0 |   0.0 |      30 |       0 |   0.0
        D:5 |     772 |      22 |   2.8 |      28 |       5 |  15.2
        D:6 |     583 |       0 |   0.0 |      21 |       0 |   0.0
        D:7 |     126 |     172 |  57.7 |       7 |       1 |  12.5
            +---------+---------+-------+---------+---------+-------
